 Dungeon Crawl Stone Soup version 0.23-a0-629-gae4348f (webtiles) character file.

217 Leeroy the Slasher (level 5, -1/39 HPs)
             Began as a Barachi Skald on Dec 25, 2018.
             Slain by an iguana (7 damage)
             ... on level 4 of the Dungeon.
             The game lasted 00:12:27 (4491 turns).

Leeroy the Slasher (Barachi Skald)                  Turns: 4491, Time: 00:12:28

Health: -1/39      AC:  5    Str: 12    XL:     5   Next: 94%
Magic:  5/8        EV: 12    Int: 15    God:
Gold:   234        SH:  0    Dex: 11    Spells: 0/8 levels left

rFire    . . .     SeeInvis .   a - +0 falchion
rCold    . . .     Gourm    .   (no shield)
rNeg     . . .     Faith    .   b - +0 leather armour
rPois    .         Spirit   .   u - +0 helmet
rElec    .         Reflect  .   (no cloak)
rCorr    .         Harm     .   r - +0 pair of gloves (curse)
MR       .....                  (no boots)
Stlth    +.........             (no amulet)
HPRegen  1.13/turn              n - ring of wizardry
MPRegen  0.11/turn              (no ring)

@: can't hop, regenerating, slow
A: +LOS, swims, slowness 1, strong legs 1
a: Hop


You were on level 4 of the Dungeon.
You were not hungry.

You visited 1 branch of the dungeon, and saw 4 of its levels.

You collected 234 gold pieces.

Inventory:

Hand Weapons
 a - a +0 falchion (weapon)
 i - a +2 trident of pain
 j - a +0 whip
 m - a +0 club
 q - a +0 spear
 s - a +0 dagger
 t - a +0 hand axe
 v - a +0 hunting sling
 A - a +0 short sword
 D - a +0 dagger
 F - a +0 long sword
 I - a +0 arbalest
 K - a +0 hand axe
Missiles
 e - 15 poisoned needles
 h - 6 javelins
 k - 77 stones (quivered)
 p - 27 bolts
 G - 17 tomahawks
 M - 12 arrows
Armour
 b - a +0 leather armour (worn)
 r - a cursed +0 pair of gloves (worn)
 u - a +0 helmet (worn)
 x - a +0 plate armour
 C - a +0 buckler
Jewellery
 n - a ring of wizardry (left hand)
 H - an uncursed ring of positive energy {unknown}
Scrolls
 c - 2 scrolls of enchant weapon {unknown}
 f - 5 scrolls of identify
 g - 3 scrolls of blinking {unknown}
 o - 2 scrolls of random uselessness {unknown}
 y - a scroll of fear {unknown}
 B - a scroll of fog {unknown}
 E - 2 scrolls of immolation {unknown}
 J - a scroll of teleportation {unknown}
Potions
 l - a potion of magic {unknown}
 w - 3 potions of heal wounds {unknown}
 z - 2 potions of brilliance {unknown}
Comestibles
 d - 4 rations


   Skills:
 * Level 2.4 Fighting
 * Level 7.0 Long Blades
 * Level 0.2 Polearms
 - Level 1.2 Armour
 - Level 2.1 Dodging
 - Level 0.1 Stealth
 - Level 2.1 Spellcasting
 * Level 0.5 Hexes
 - Level 3.2 Charms


You couldn't memorise any spells.
You knew the following spells:

 Your Spells              Type           Power        Failure   Level  Hunger
a - Infusion              Chrm           ##..         2%          1    #......
b - Spectral Weapon       Hex/Chrm       #.......     16%         3    ###....
c - Confusing Touch       Hex            #.....       9%          1    #......
d - Regeneration          Chrm/Necr      #.........   16%         3    ###....

Your spell library contained the following spells:

 Spells                   Type           Power        Failure   Level  Hunger
 Song of Slaying          Chrm           ##......     4%          2    ###....
 Shroud of Golubria       Chrm/Tloc      #.........   9%          2    ###....
 Confuse                  Hex            #.......     26%         3    ###....
 Gell's Gravitas          Tloc           #.........   32%         3    ###....
 Petrify                  Tmut/Erth      #.......     69%         4    #####..
 Metabolic Englaciation   Hex/Ice        #.........   92%         5    ######.
 Yara's Violent Unravell  Hex/Tmut       #.........   92%         5    ######.


Dungeon Overview and Level Annotations

Branches:
Dungeon (4/15)
 Temple: D:4-7

Altars:
Hepliaklqana
Kikubaaqudgha
Makhleb
Qazlal
Yredelemnul

Shops:
D:4 (

Annotations:
D:1 1 runed door


Innate Abilities, Weirdness & Mutations

Shadows flee at your approach. (+LOS)
You can swim through water.
You cover ground slowly.
You can hop short distances.


Message History

* * * LOW HITPOINT WARNING * * *
You closely miss the iguana.
The iguana is severely wounded.
The iguana bites you but does no damage.
Unknown command.
Hop to where?
Press: ? - help, Dir - move target cursor Boing!
Casting: Spectral Weapon (safe; 16% risk of failure)
Confirm with . or Enter, or press ? or * to list all spells.
Your skin crawls.
You barely miss the iguana.
The iguana is severely wounded.
The iguana barely misses you.
You riposte.
You hit the iguana but do no damage.
The iguana is severely wounded.
Unknown command.
You hit the iguana.
The iguana is severely wounded.
The iguana bites you!
You die...

#.##...................##
......................####
......................# ###
#...............##....###..
##..###..........###>.....>
#...###......##.###.####..
###...##.###..##...........
......#.####.######.####..
#♣.$..l@...........###..
#....§......#.......####
♣∩♣.#..####.#......##
#................#
♣........[##......###
#.........###.......#
#......#.....#.......#
#.......#...#.........#
#.......#..............#


You could see an iguana.

Vanquished Creatures
  An orc wizard (D:2)
  An iguana (D:4)
  Robin (D:2)
  4 adders
  2 oozes (D:1)
  2 worms
  A dart slug (D:1)
  3 leopard geckos
  12 orcs
  6 bats
  4 giant cockroaches
  18 goblins
  6 hobgoblins
  2 quokkas
  A ball python (D:3)
  A ball python skeleton (D:4)
  6 frilled lizards
  2 gnoll zombies (D:2)
  6 kobolds
  A leopard gecko zombie (D:2)
  5 rats
85 creatures vanquished.

Vanquished Creatures (others)
  A spectral weapon (D:2)
1 creature vanquished.

Grand Total: 86 creatures vanquished

Notes
Turn   | Place    | Note
-------+----------+-------------------------------------------
     0 | D:1      | Leeroy the Barachi Skald began the quest for the Orb.
     0 | D:1      | Reached XP level 1. HP: 17/17 MP: 3/3
     1 | D:1      | Found a runed door.
    48 | D:1      | Reached skill level 3 in Long Blades
    62 | D:1      | Reached XP level 2. HP: 7/23 MP: 5/5
   501 | D:1      | Reached skill level 4 in Long Blades
   519 | D:1      | Reached XP level 3. HP: 26/28 MP: 6/6
   796 | D:2      | Found a hazy altar of Hepliaklqana.
   936 | D:2      | Noticed Robin
   976 | D:1      | Learned a level 3 spell: Spectral Weapon
  1362 | D:2      | Killed Robin
  1362 | D:2      | Reached skill level 5 in Long Blades
  1362 | D:2      | Reached XP level 4. HP: 17/34 MP: 2/7
  1622 | D:2      | Found an ancient bone altar of Kikubaaqudgha.
  1693 | D:2      | Found a basalt altar of Yredelemnul.
  1719 | D:2      | Found a faded altar of an unknown god.
  1845 | D:2      | Found a stormy altar of Qazlal.
  1987 | D:2      | Found a burning altar of Makhleb.
  2604 | D:3      | Learned a level 1 spell: Confusing Touch
  2652 | D:3      | Reached skill level 6 in Long Blades
  2652 | D:3      | Reached XP level 5. HP: 35/39 MP: 8/8
  3496 | D:2      | Learned a level 3 spell: Regeneration
  4263 | D:4      | Reached skill level 7 in Long Blades
  4478 | D:4      | Found Didonog's Weapon Shoppe.
  4491 | D:4      | Slain by an iguana

Vault maps used:
D:1:      dpeg_arrival_caged_fury
D:2:      lemuel_zombie_altar_yredelemnul, lemuel_coloured_pillars_altar,
          nicolae_overflow_crystal_walls, kiku_gazebo_garden_becter,
          old_standard_altar, chequers_ecumenical_altar_twisty,
          bh_walls_and_bars, uniq_robin
D:4:      minmay_temple_entry_proselytizer, serial_shops, nicolae_shop_trees

Skill      XL: |  1  2  3  4  5 |
---------------+----------------+-----
Long Blades    | 3 4 5 6 7 |  7.0
Fighting       | |  2.4
Polearms       | |  0.2
Armour         | |  1.2
Dodging        | |  2.1
Stealth        | |  0.1
Spellcasting   | |  2.1
Hexes          | |  0.5
Charms         | |  3.2

Action                   |  1- 3 |  4- 6 || total
-------------------------+-------+-------++-------
Melee: Falchion          |   124 |   221 ||   345
Throw: Stone             |     3 |       ||     3
 Cast: Infusion          |     4 |     1 ||     5
       Spectral Weapon   |     1 |     2 ||     3
       Confusing Touch   |       |     4 ||     4
       Regeneration      |       |     1 ||     1
 Abil: Hop               |     1 |     1 ||     2
  Use: Potion            |     1 |     1 ||     2
       Scroll            |       |     1 ||     1
 Stab: Confused          |       |     2 ||     2
  Eat: Chunk             |     2 |    12 ||    14
Armor: Leather armour    |    45 |    53 ||    98
       Skin              |     5 |     3 ||     8
Dodge: Dodged            |    97 |   160 ||   257
       Rpst.: Falchion   |    26 |    45 ||    71

Table legend:
 A = Non-vault XP
 B = Vault XP
 C = Vault XP percentage of total XP
 D = Non-vault monster count
 E = Vault monster count
 F = Vault count percentage of total count
                 A         B        C        D         E       F
            +---------+---------+-------+---------+---------+-------
      Total |     275 |      36 |  11.6 |      72 |      13 |  15.3
            +---------+---------+-------+---------+---------+-------
        D:1 |      51 |       8 |  13.6 |      23 |       4 |  14.8
        D:2 |      92 |      28 |  23.3 |      23 |       9 |  28.1
        D:3 |      82 |       0 |   0.0 |      20 |       0 |   0.0
        D:4 |      50 |       0 |   0.0 |       6 |       0 |   0.0
            +---------+---------+-------+---------+---------+-------
